 Dungeon Crawl Stone Soup version 0.30-a0-613-gdd512c7efb (webtiles) character file.

Game seed: 2469858479399434604

9319 drugrobin the Grappler (level 11, -28/84 HPs)
             Began as a Demigod Delver on Jan 9, 2023.
             Annihilated by a minotaur
             ... wielding the +12 scimitar of Mastery {spect, rPois}
              (32 damage)
             ... in a Gauntlet.
             The game lasted 00:43:55 (13011 turns).

drugrobin the Grappler (Demigod Delver)            Turns: 13011, Time: 00:43:55

Health: -28/84     AC: 11    Str: 25    XL:     11   Next: 2%
Magic:  0/14       EV: 13    Int: 12    God:
Gold:   1034       SH:  7    Dex: 25    Spells: 3/10 levels left

rFire   . . .      SeeInvis +      - Unarmed
rCold   + + +      Faith    .    a - +2 buckler {rC+}
rNeg    . . .      Spirit   +    Q - +0 steam dragon scales
rPois   +          Reflect  .    H - +0 helmet
rElec   +          Harm     .    C - +0 cloak
rCorr   +          Rampage  .    (no gloves)
Will    +....      NoTele   +    (no boots)
Stlth   +++                      o - amulet of Gin and Tonic {Spirit Fly rF- Str+4 SInv}
HPRegen 0.34/turn                n - +4 ring of protection
MPRegen 0.14/turn                D - +6 ring of dexterity

@: mighty, resistant, flying, very slightly contaminated, unable to read, unable
to drink
A: high MP 1, forlorn, divine attributes, cold resistance 1, inability to drink
after injury 1, inability to read after injury 1
a: no special abilities


You were in a Gauntlet.
You visited 1 branch of the dungeon, and saw 11 of its levels.
You also visited: Bailey and Gauntlet.

You collected 1744 gold pieces.
You spent 710 gold pieces at shops.

Inventory:

Hand Weapons
 b - the +0 sling "Ucirphuw" {drain, rF+ Str+4 Int-5 Dex+4}
   (You found it on level 7 of the Dungeon)

   Str:       It affects your strength (+4).
   Int:       It affects your intelligence (-5).
   Dex:       It affects your dexterity (+4).
   rF:        It protects you from fire.
 c - a +2 rapier of venom
 d - a +1 dagger of electrocution
Missiles
 B - 21 boomerangs (quivered)
 I - 40 poisoned darts
 N - 8 datura-tipped darts
 O - 6 curare-tipped darts
Armour
 a - a +2 buckler of cold resistance (worn)
 y - an orb of mayhem
 C - a +0 cloak (worn)
 H - a +0 helmet (worn)
 Q - +0 steam dragon scales (worn)
 U - a +0 chain mail of fire resistance
Magical Staves
 p - a staff of cold
Jewellery
 m - a ring of see invisible
 n - a +4 ring of protection (left hand)
 o - the amulet of Gin and Tonic (around neck) {Spirit Fly rF- Str+4 SInv}
   (You found it in a Gauntlet)

   [amulet of guardian spirit]

   It causes incoming damage to be divided between your reserves of health and
   magic.
   Str:       It affects your strength (+4).
   rF:        It makes you vulnerable to fire.
   SInv:      It lets you see invisible.
   Fly:       It grants you flight.
 D - a +6 ring of dexterity (right hand)
 K - a ring of fire
 R - a ring of resist corrosion
 W - a ring of flight
Wands
 f - a wand of digging (11)
 h - a wand of iceblast (7)
 q - a wand of charming (1)
 G - a wand of flame (11)
Scrolls
 i - a scroll of silence
 r - a scroll of immolation
 t - 2 scrolls of torment
 v - 2 scrolls of poison {unknown}
 x - 5 scrolls of teleportation
 A - 3 scrolls of fear
 F - a scroll of butterflies {unknown}
 J - a scroll of enchant weapon {unknown}
 P - a scroll of amnesia {unknown}
 V - a scroll of brand weapon {unknown}
Potions
 e - a potion of haste
 j - 6 potions of curing
 u - a potion of might
 z - 2 potions of flight
 L - a potion of brilliance {unknown}
 S - a potion of invisibility {unknown}
 T - a potion of degeneration {unknown}


   Skills:
 - Level 4.0 Fighting
 - Level 3.0 Dodging
 - Level 4.5 Stealth
 * Level 14.4 Unarmed Combat
 + Level 5.9 Transmutations


You had 3 spell levels left.
You knew the following spells:

 Your Spells              Type           Power      Damage    Failure   Level
a - Foxfire               Conj/Fire      0%         2x1d4     41%         1
b - Summon Small Mammal   Summ           0%         N/A       41%         1
c - Blade Hands           Tmut           7%         N/A       75%         5

Your spell library contained the following spells:

 Spells                   Type           Power      Damage    Failure   Level
 Passwall                 Tmut/Erth      5%         N/A       21%         2
 Ensorcelled Hibernation  Hex/Ice        0%         N/A       56%         2
 Static Discharge         Conj/Air       0%         2-2/arc   56%         2
 Call Canine Familiar     Summ           0%         N/A       80%         3
 Kindle Blastsparks       Fire/Tloc/Air  0%         2d10      80%         3
 Summon Guardian Golem    Hex/Summ       0%         N/A       80%         3
 Swiftness                Air            0%         N/A       80%         3
 Irradiate                Conj/Tmut      3%         3d12      98%         5
 Iskenderun's Mystic Bla  Conj/Tloc      0%         2d3       99%         4
 Sticky Flame             Conj/Fire      0%         2d3       99%         4
 Fireball                 Conj/Fire      0%         3d3       100%        5
 Starburst                Conj/Fire      0%         6d3       100%        6
 Dragon Form              Tmut           7%         N/A       100%        7


Dungeon Overview and Level Annotations

Branches:
Dungeon (11/15)            Temple (0/1) D:5             Orc (0/2) D:9
 Bailey (visited)         Gauntlet (1/1)
   Lair: D:8-11

Shops:
D:5 (   D:8 :

Annotations:
Gauntlet 8 transporters, 3 runed translucent doors


Innate Abilities, Weirdness & Mutations

You have an increased reservoir of magic. (+10% MP)
You shall have no god before yourself.
Your divine heritage dramatically boosts your attributes as you level up.
Your flesh is cold resistant. (rC+)
You occasionally lose the ability to drink potions when taking damage.
You occasionally lose the ability to read scrolls when taking damage.


Message History

Casting: Summon Small Mammal (safe; 41% risk of failure)
Confirm with . or Enter, or press ? or * to list all spells.
You miscast Summon Small Mammal.
You are very lightly contaminated with residual magic.
Nothing appears to happen.
Unknown command.
Unknown command.
Unknown command.
Casting: Summon Small Mammal (safe; 41% risk of failure)
Confirm with . or Enter, or press ? or * to list all spells.
Okay, then.
It was a potion of resistance.
You feel protected. You block the minotaur's attack.
The minotaur gores you but does no damage.
Unknown command.
Unknown command.
It was a potion of flight.
You feel more buoyant.
The minotaur hits you with the +12 scimitar of Mastery {spect, rPois}!!!
* * * LOW HITPOINT WARNING * * *
The minotaur gores you but does no damage.
Unknown command.
Unknown command.
It was a potion of might.
You feel very mighty all of a sudden. You block the minotaur's attack.
The minotaur gores you!
* * * LOW HITPOINT WARNING * * *
Unknown command.
Unknown command.
Okay, then.
Okay, then.
It was a potion of mutation.
You feel extremely strange.
You occasionally lose the ability to drink potions when taking damage.
You occasionally lose the ability to read scrolls when taking damage.
You feel resistant to cold.
The minotaur hits you with the +12 scimitar of Mastery {spect, rPois}!!
You feel threatened and lose the ability to read scrolls!
You feel threatened and lose the ability to drink potions!
You die...

............#≈#########≈#....§§§§
≈#≈#≈#≈#≈#≈####.......####≈#≈#§#§
##############..8.8.8..##########
##...©.©.©...## #......§§.....#
#######§####### #...§§§§§H....#
#H###########H# #.# #@H§§...#.#
#.# #######H#.# #H# ##.#.# #.#
#..#.# #.## #.##.# #..# #....#
####.......#.## ########.# ..#


You could see a minotaur.

Vanquished Creatures
  2 two-headed ogres
  Pikel (D:9)
  A kobold demonologist (D:11)
  An unseen horror (D:11)
  Eustachio (D:5)
  9 yaks
  4 steam dragons
  A hell hound (Gauntlet)
  2 water moccasins
  A sky beast (D:7)
  A black bear (D:7)
  9 orc warriors
  An ice beast (D:6)
  3 centaurs
  4 ogres
  A lemure (D:9)
  9 kobold brigands
  3 necrophages
  A bullfrog (D:7)
  2 gnoll sergeants
  3 scorpions (D:5)
  5 wights (D:7)
  13 killer bees
  An electric eel (D:10)
  A hound (D:6)
  A gnoll bouda (D:6)
  11 orc priests
  A jelly (D:5)
  3 iguanas
  10 orc wizards
  13 gnolls
  6 adders
  An ufetubus (D:5)
  3 dart slugs
  28 orcs
  6 ball pythons
  7 bats
  3 endoplasms
  3 giant cockroaches (D:2)
  7 goblins
  8 hobgoblins
  6 jackals
  4 quokkas
  2 frilled lizards
  22 kobolds
  4 rats
229 creatures vanquished.

Vanquished Creatures (collateral kills)
  A hell hound (Gauntlet)
  2 gnolls (D:9)
  6 kobolds (D:11)
9 creatures vanquished.

Vanquished Creatures (others)
  A wyvern (D:9)
  An orc warrior (D:9)
  An orc (D:9)
  20 foxfires
23 creatures vanquished.

Grand Total: 261 creatures vanquished

Notes
Turn   | Place    | Note
-------+----------+-------------------------------------------
     0 | D:5      | drugrobin the Demigod Delver began the quest for the Orb.
     0 | D:5      | Reached XP level 1. HP: 18/18 MP: 3/3
     2 | D:5      | Noticed a scorpion
    51 | D:5      | Noticed a necrophage
    83 | D:5      | Noticed an iguana
   131 | D:4      | Noticed an iguana
   187 | D:4      | Reached skill level 2 in Unarmed Combat
   200 | D:4      | Noticed an ogre
   502 | D:2      | Reached XP level 2. HP: 18/25 MP: 4/4
   770 | D:2      | Reached skill level 3 in Unarmed Combat
   967 | D:2      | Reached XP level 3. HP: 30/30 MP: 5/5
  1490 | D:1      | Learned a level 1 spell: Foxfire
  2092 | D:2      | Reached skill level 4 in Unarmed Combat
  2358 | D:2      | Reached XP level 4. HP: 37/37 MP: 6/6
  2671 | D:3      | Learned a level 1 spell: Summon Small Mammal
  2817 | D:3      | Noticed a necrophage
  2837 | D:3      | Killed a necrophage
  2838 | D:3      | Reached skill level 5 in Unarmed Combat
  2838 | D:3      | Reached XP level 5. HP: 39/42 MP: 7/7
  3321 | D:4      | Killed an ogre
  4036 | D:4      | Noticed an ogre
  4040 | D:4      | Killed an ogre
  4041 | D:4      | Reached skill level 6 in Unarmed Combat
  4041 | D:4      | Reached XP level 6. HP: 50/50 MP: 8/8
  4480 | D:5      | Noticed Eustachio
  4481 | D:5      | Reached skill level 7 in Unarmed Combat
  4540 | D:4      | Reached XP level 7. HP: 56/56 MP: 9/9
  4602 | D:5      | Found a staircase to the Ecumenical Temple.
  4684 | D:5      | Reached skill level 8 in Unarmed Combat
  4823 | D:5      | Found Cofuom's Antique Weapon Shoppe.
  4830 | D:5      | Bought a glowing dagger for 110 gold pieces
  5218 | D:6      | Reached skill level 9 in Unarmed Combat
  5441 | D:6      | Reached XP level 8. HP: 62/62 MP: 10/10
  6007 | D:7      | Identified the +0 sling "Ucirphuw" {drain, rF+ Str+4 Int-5
                  | Dex+4}
  6126 | D:7      | Reached skill level 10 in Unarmed Combat
  6880 | D:8      | Found a flagged portal.
  6889 | Bailey   | Entered a bailey
  6943 | Bailey   | Reached skill level 11 in Unarmed Combat
  7234 | Bailey   | Reached XP level 9. HP: 50/68 MP: 11/11
  7745 | D:8      | Found Ymixonk's Book Shop.
  7753 | D:8      | Bought a book of Transfigurations for 600 gold pieces
  7759 | D:8      | Learned a level 5 spell: Blade Hands
  7976 | D:8      | Reached skill level 12 in Unarmed Combat
  7976 | D:8      | Reached skill level 1 in Transmutations
  9054 | D:9      | Noticed a two-headed ogre
  9079 | D:9      | Killed a two-headed ogre
  9492 | D:9      | Reached XP level 10. HP: 78/78 MP: 13/13
  9744 | D:9      | Noticed Pikel
  9766 | D:9      | Killed Pikel
  9767 | D:9      | Reached skill level 13 in Unarmed Combat
 10351 | D:9      | Found a staircase to the Orcish Mines.
 10544 | D:10     | Entered Level 10 of the Dungeon
 10568 | D:10     | Noticed a two-headed ogre
 10577 | D:10     | Killed a two-headed ogre
 10578 | D:10     | Reached skill level 5 in Transmutations
 10976 | D:10     | Got the Opusculum on the Sky and Forces
 11334 | D:10     | Reached skill level 14 in Unarmed Combat
 11912 | D:5      | Killed Eustachio
 12379 | D:11     | Found a gate leading to a gauntlet.
 12394 | Gauntlet | Entered a Gauntlet
 12394 | Gauntlet | Noticed a hell hog
 12394 | Gauntlet | Found a transporter.
 12404 | Gauntlet | Noticed a wolf spider
 12424 | Gauntlet | Noticed an entropy weaver
 12427 | Gauntlet | Found a transporter.
 12443 | Gauntlet | Found a transporter.
 12447 | Gauntlet | Found a transporter.
 12453 | Gauntlet | Noticed a hell beast
 12467 | Gauntlet | Found a transporter.
 12479 | Gauntlet | Found a runed translucent gate.
 12480 | Gauntlet | Found a transporter.
 12480 | Gauntlet | Found a runed translucent gate.
 12484 | Gauntlet | Found a transporter.
 12488 | Gauntlet | Found a transporter.
 12492 | Gauntlet | Found the dreamshard necklace {*Dream Drain}
 12494 | Gauntlet | Found a runed translucent gate.
 12518 | Gauntlet | Found a transporter.
 12518 | Gauntlet | Found a transporter.
 12518 | Gauntlet | Noticed a great orb of eyes
 12519 | Gauntlet | Found the +7 sceptre of Torment {pain, torment}
 12521 | Gauntlet | Noticed a cyan ugly thing
 12522 | Gauntlet | Noticed a green ugly thing
 12527 | Gauntlet | Found a transporter.
 12559 | Gauntlet | Noticed a death drake
 12564 | Gauntlet | Noticed a spectral wolf spider
 12566 | Gauntlet | Found a transporter.
 12675 | Gauntlet | Identified the +0 helmet of Proximity {-Tele rCorr Int+3}
 12845 | Gauntlet | Reached XP level 11. HP: 84/84 MP: 4/14
 12859 | Gauntlet | Identified the amulet of Gin and Tonic {Spirit Fly rF-
                  | Str+4 SInv}
 12938 | Gauntlet | Identified the +12 scimitar of Mastery {spect, rPois}
 12938 | Gauntlet | Noticed a minotaur
 12990 | Gauntlet | HP: 3/84 [minotaur/silver javelin (11)]
 13010 | Gauntlet | HP: 4/84 [minotaur/the +12 scimitar of Mastery {spect,
                  | rPois} (9)]
 13011 | Gauntlet | Gained mutation: You occasionally lose the ability to drink
                  | potions when taking damage. [potion of mutation]
 13011 | Gauntlet | Gained mutation: You occasionally lose the ability to read
                  | scrolls when taking damage. [potion of mutation]
 13011 | Gauntlet | Gained mutation: Your flesh is cold resistant. (rC+)
                  | [potion of mutation]
 13011 | Gauntlet | Annihilated by a minotaur

Illustrated notes

Levels and vault maps discovered:
D:1:      dpeg_arrival_water_fire, layout_basic
D:2:      layout_loops_ring, ebering_ecumenical_altar_webs, minmay_hexomino_p4
D:3:      layout_loops_ring, lemuel_coloured_pillars_altar
D:4:      layout_gridville, lemuel_round_altar, serial_co_window_serial,
          co_window_corner_a, co_window_paths_a, co_window_corner_a,
          co_window_of_opportunity_a, co_window_corner_a, co_window_paths_a,
          co_window_cross_3, co_window_of_opportunity_b, co_window_broadway_b,
          co_window_of_opportunity_b, co_window_2corner, co_window_broadway_b,
          co_window_paths_e, glass_columns_c, glass_columns_a, glass_columns_b,
          glass_columns_c, glass_columns_b, abandoned_shop
D:5:      layout_rooms, worldfamousw_hep_ancestral_shrine,
          overflow_temple_1_default, minmay_temple_entry_ruins, serial_shops,
          shop, serial_corexii_hall, chequers_hall_statues_corner_a,
          corexii_hall_statues_i, grunt_ministairs_2, kennysheep_nondescript,
          uniq_eustachio
D:6:      layout_loops_cross, mainiacjoe_overflow_24_doors,
          mainiacjoe_overflow_chevrons
D:7:      layout_loops_ring, nicolae_overflow_crystal_walls
D:8:      layout_basic, nicolae_qazlal_style_of_elements, bloody_makhleb,
          nemelex_diamond_rough_becter, serial_shops, shop, enter_bailey_2,
          kennysheep_path_1
D:9:      layout_stronghold, lemuel_crystal_altar, fiery_altar_vehumet,
          david_orc_4, uniq_pikel
D:10:     layout_rooms, mainiacjoe_overflow_catwalk,
          nicolae_sif_muna_condensation, kennysheep_generic_room_9
D:11:     layout_roguey, lair_entry_dummy, gauntlet_entry_generic
Gauntlet: minmay_gauntlet_mixed_oops_all_seconds
          [minmay_gauntlet_arena_77_radiant_squares,
          nicolae_gauntlet_arena_flowing_pool,
          minmay_gauntlet_arena_77_squiggly, nicolae_gauntlet_swirl,
          minmay_gauntlet_arena_77_run_for_it, nicolae_gauntlet_arena_x,
          dreamdust_gauntlet_exit_labyrinth]

Skill      XL: |  1  2  3  4  5  6  7  8  9 10 |
---------------+-------------------------------+-----
Unarmed Combat | 2 3 4 5 6 7 9 11 12 14 | 14.4
Dodging        | 2 3 |  3.0
Fighting       | 4 |  4.0
Transmutations | 3 5 |  5.9
Stealth        | |  4.5

Action                   |  1- 3 |  4- 6 |  7- 9 | 10-12 || total
-------------------------+-------+-------+-------+-------++-------
Melee: Unarmed           |   171 |   126 |   282 |   219 ||   798
       Punch             |     5 |     3 |    14 |    15 ||    37
       Falchion          |     1 |       |       |       ||     1
 Fire: Arbalest          |       |    16 |    39 |       ||    55
       Sling             |       |       |    57 |    75 ||   132
Throw: Boomerang         |       |     5 |    27 |    23 ||    55
       Dart              |       |       |     2 |     4 ||     6
 Cast: Foxfire           |     7 |     5 |       |       ||    12
       Summon Small Mamm |       |       |       |     4 ||     4
       Blade Hands       |       |       |       |     1 ||     1
Evoke: Wand              |       |       |     8 |     7 ||    15
  Use: Scroll            |       |     4 |     2 |     4 ||    10
       Potion            |       |     1 |     3 |     7 ||    11
 Stab: Sleeping          |     5 |     2 |       |       ||     7
       Distracted        |       |       |     1 |       ||     1
Armor: Leather armour    |    23 |       |       |       ||    23
       Ring mail         |    31 |    49 |    84 |       ||   164
       Steam dragon scal |       |       |    29 |    83 ||   112
Dodge: Dodged            |    83 |    55 |   182 |   123 ||   443
Block: Buckler           |       |       |       |     2 ||     2

Table legend: (Time is in decaauts)
 A = Elapsed time spent in this place.
 B = Non-inter-level travel time spent in this place.
 C = Inter-level travel time spent in this place.
 D = Time resting spent in this place.
 E = Time spent auto-exploring this place.
 F = Levels seen in this place.
 G = Mean time per level.
                   A        B        C        D        E       F      G
               +--------+--------+--------+--------+--------+-----+--------+
         Total |  12985 |  12234 |    751 |   1775 |   6509 |  13 |  998.8 |
       Dungeon |  11683 |  10932 |    751 |   1494 |   6014 |  11 | 1062.1 |
        Bailey |    689 |    689 |      0 |    152 |    264 |   1 |  689.0 |
      Gauntlet |    613 |    613 |      0 |    129 |    231 |   1 |  613.0 |
               +--------+--------+--------+--------+--------+-----+--------+

Top non-repeatable levels by time:
     D:9: 2078 daAuts
     D:4: 1351 daAuts
     D:8: 1293 daAuts
     D:1: 1069 daAuts
     D:7: 1065 daAuts
     D:2: 1010 daAuts
    D:10: 994 daAuts
     D:6: 949 daAuts
     D:3: 901 daAuts
  Bailey: 689 daAuts
     D:5: 656 daAuts
Gauntlet: 613 daAuts
    D:11: 313 daAuts
